Map: [ESL] Amphion

Players

Bly - Winner!

  • Race: Zerg Zerg
  • Spawn Location: 11:00

Nicoract

  • Race: Terran Terran
  • Spawn Location: 7:00

Event: ESL SC2 Masters 2024 Spring (Regional)

VOD

Have the link to the VOD?

Description

Time

  • Played on: April 19, 2024, 1:06 p.m.
  • Length: 16:09

All games in this series

Show
View Real Time Build Order
Export as new Build Order

Bly Zerg - Winner!

Build Orders: Hatch First 

Get SALT Encoding   

  12  0:00  Drone  
  13  0:12  Overlord  
  13  0:17  Drone  
  14  0:31  Drone x2  
  16  0:50  Hatchery  
  16  0:53  Drone  
  16  0:56  Drone  
  17  1:00  Drone  
  18  1:10  Extractor  
  17  1:15  Spawning Pool  
  16  1:19  Drone  
  16  1:22  Drone  
  18  1:29  Drone  
  19  1:39  Drone  
  20  1:52  Overlord  
  20  2:02  Queen x2  
  20  2:03  Zergling x4  
  26  2:11  Drone  
  26  2:13  Drone  
  28  2:16  Metabolic Boost  
  28  2:21  Extractor  
  27  2:25  Drone x2  
  29  2:37  Drone x2  
  29  2:43  Overlord  
  31  2:54  Overlord  
  31  2:55  Zergling x2, Queen  
  34  3:01  Spore Crawler  
  34  3:03  Zergling x2  
  34  3:12  Drone x7  
  42  3:20  Drone x3  
  45  3:27  Lair  
  45  3:33  Queen  
  47  3:41  Zergling x6  
  48  3:46  Overlord  
  49  3:49  Drone x3  
  49  3:53  Extractor  
  49  3:55  Extractor  
  50  3:59  Drone x2  
  51  4:05  Overlord  
  50  4:13  Drone x4  
  50  4:16  Extractor  
  53  4:17  Spore Crawler x2  
  53  4:19  Hatchery  
  53  4:21  Zergling x4  
  50  4:29  Drone x3  
  53  4:38  Drone x2  
  53  4:39  Drone x2  
  53  4:42  Spire  
  58  4:45  Drone x2  
  58  4:46  Drone  
  58  4:50  Overlord  
  59  4:53  Drone x2  
  59  4:54  Drone  
  62  5:00  Overseer, Overlord  
  62  5:04  Overlord  
  62  5:13  Overlord  
  62  5:19  Zergling x4  
  64  5:26  Zergling x2  
  64  5:27  Zergling x6  
  68  5:37  Overlord  
  68  5:55  Mutalisk x8  
  81  6:05  Drone x4  
  81  6:06  Zerg Flyer Weapons Level 1  
  81  6:09  Baneling Nest  
  84  6:14  Extractor x2  
  84  6:15  Burrow  
  84  6:17  Drone x5  
  83  6:35  Mutalisk x2  
  85  6:41  Drone x11  
  94  6:52  Drone x3  
  97  6:56  Centrifugal Hooks  
  97  7:03  Hatchery  
  96  7:15  Overlord  
  94  7:16  Zergling x16  
  94  7:17  Baneling x5  
  102  7:27  Evolution Chamber  
  102  7:29  Evolution Chamber  
  100  7:36  Zergling x20  
  110  7:38  Baneling x13  
  110  7:43  Overlord  
  110  7:45  Hatchery  
  109  7:57  Zerg Ground Armor Level 1  
  109  7:58  Overlord, Zerg Melee Weapons Level 1  
  109  8:00  Drone  
  109  8:01  Drone x6  
  116  8:13  Overseer  
  116  8:17  Drone x6  
  122  8:24  Zerg Flyer Weapons Level 2  
  122  8:26  Mutalisk x5  
  132  8:27  Extractor  
  132  8:28  Pneumatized Carapace  
  132  8:31  Extractor  
  130  8:39  Overlord  
  130  8:40  Mutalisk x2  
  134  8:43  Overlord  
  134  8:45  Overlord  
  134  8:54  Mutalisk  
  134  8:55  Mutalisk  
  134  8:56  Overlord  
  134  9:04  Zergling x30  
  134  9:06  Baneling  
  134  9:07  Baneling x8  
  149  9:15  Overseer  
  148  9:32  Drone  
  148  9:33  Drone x17  
  166  9:41  Overlord x2, Infestation Pit  
  165  9:49  Baneling x15  
  165  9:58  Hatchery  
  165  9:59  Zerg Ground Armor Level 2  
  164  10:00  Zerg Melee Weapons Level 2  
  164  10:02  Zergling x20  
  172  10:20  Mutalisk x6  
  182  10:26  Drone x5  
  182  10:28  Extractor x2  
  186  10:30  Zergling x8  
  186  10:31  Overlord x4  
  189  10:40  Overlord x2  
  189  10:43  Hive  
  189  11:01  Hatchery  
  188  11:05  Mutalisk x5  
  195  11:14  Zerg Flyer Armor Level 1  
  195  11:17  Mutalisk x2  
  197  11:26  Overlord  
  197  11:32  Hatchery  
  189  11:44  Zergling x38  
  193  11:47  Baneling  
  193  11:48  Baneling x8  
  191  11:55  Drone x4  
  191  11:58  Adrenal Glands  
  191  12:00  Ultralisk Cavern  
  187  12:15  Baneling x19  
  186  12:26  Zergling x32  
  186  12:28  Baneling x20  
  183  12:48  Chitinous Plating  
  162  13:03  Drone x15  
  177  13:06  Spore Crawler  
  161  13:13  Drone x11  
  161  13:17  Zerg Melee Weapons Level 3, Zerg Ground Armor Level 3  
  163  13:33  Hatchery  
  162  13:49  Spore Crawler  
  162  13:52  Hatchery  
  162  13:53  Hatchery  
  162  13:54  Zergling x2, Ultralisk x4  
  162  13:55  Zergling x14  
  189  14:09  Zergling x12  
  199  14:10  Zergling x8  
  192  14:45  Anabolic Synthesis  
  182  15:12  Baneling x26  
  182  15:13  Baneling x2  
  182  15:21  Ultralisk  
  182  15:22  Ultralisk  
  180  15:34  Zergling x38  
  166  15:45  Zergling x4  
Show
View Real Time Build Order
Export as new Build Order

Nicoract Terran 

Build Orders: Reaper Expand, Hellion Banshee 

Get SALT Encoding   

  12  0:00  SCV  
  13  0:12  SCV  
  14  0:17  Supply Depot  
  14  0:24  SCV  
  15  0:39  SCV  
  15  0:40  Barracks  
  16  0:44  Refinery  
  16  0:51  SCV  
  17  1:03  SCV  
  18  1:15  SCV  
  19  1:27  Orbital Command, Reaper  
  20  1:42  Command Center  
  20  1:51  Supply Depot  
  20  1:53  SCV  
  21  1:59  Marine  
  22  2:05  SCV  
  23  2:10  Factory  
  23  2:17  SCV  
  24  2:23  Barracks Reactor  
  24  2:29  SCV  
  25  2:43  Command Center  
  25  2:47  SCV  
  26  2:55  Orbital Command  
  26  2:59  SCV  
  27  3:08  Starport  
  27  3:11  Hellion  
  29  3:13  Hellion  
  29  3:17  SCV  
  32  3:20  Barracks Tech Lab  
  32  3:25  Refinery  
  32  3:29  SCV  
  32  3:32  SCV  
  33  3:41  SCV  
  33  3:43  Hellion  
  33  3:44  SCV, Hellion  
  39  3:54  SCV  
  38  3:56  SCV  
  38  4:00  Orbital Command  
  38  4:06  SCV  
  38  4:08  SCV  
  38  4:15  Hellion  
  40  4:18  SCV  
  40  4:19  Hellion  
  40  4:20  SCV  
  44  4:25  Banshee  
  44  4:27  SCV  
  44  4:30  SCV, Cloaking Field  
  49  4:32  SCV  
  49  4:33  Barracks Tech Lab  
  50  4:42  Supply Depot x2  
  50  4:43  SCV x2  
  50  4:44  SCV  
  53  4:52  Marine  
  53  4:53  Stimpack  
  53  4:55  SCV x2  
  56  5:01  Factory Reactor  
  56  5:03  SCV, Barracks  
  56  5:04  Barracks  
  57  5:07  SCV x2  
  57  5:10  Banshee  
  57  5:14  Marine  
  62  5:15  SCV, Supply Depot  
  62  5:20  SCV x2  
  66  5:27  Engineering Bay  
  66  5:28  Engineering Bay  
  66  5:29  SCV  
  66  5:32  Marine  
  66  5:33  SCV x2  
  70  5:37  Refinery  
  70  5:38  Refinery  
  70  5:42  Supply Depot  
  70  5:49  Marine  
  70  5:54  Marine  
  68  6:00  Terran Infantry Weapons Level 1, Terran Infantry Armor Level 1  
  68  6:01  Missile Turret  
  68  6:02  Missile Turret  
  68  6:04  SCV x2  
  69  6:07  Marine x3  
  69  6:09  Marine  
  73  6:13  Marine  
  74  6:19  SCV x2  
  74  6:22  Orbital Command  
  74  6:25  Marine x3  
  77  6:27  Starport Reactor  
  79  6:33  Siege Tank  
  79  6:34  Barracks x2  
  79  6:35  Missile Turret  
  79  6:37  Marine  
  79  6:38  Marine  
  78  6:43  Marine x2  
  78  6:44  Missile Turret  
  78  6:46  Marine  
  77  6:51  SCV x2  
  77  6:55  Marine  
  77  6:57  Combat Shield  
  77  6:58  Marine  
  77  7:01  Armory, Marine x2  
  81  7:03  Supply Depot  
  81  7:05  Medivac  
  81  7:07  Medivac  
  85  7:09  SCV  
  85  7:12  SCV x2  
  85  7:14  Marine x2  
  85  7:15  Marine, Missile Turret  
  87  7:21  SCV  
  89  7:24  SCV  
  89  7:25  SCV, Barracks Reactor  
  89  7:26  Missile Turret  
  89  7:29  Missile Turret  
  88  7:31  Barracks Reactor  
  88  7:34  SCV  
  88  7:36  SCV  
  88  7:37  SCV  
  91  7:39  Factory  
  91  7:41  Missile Turret  
  91  7:42  Medivac x2, Marine  
  91  7:43  Marine x3  
  99  7:44  Marine  
  99  7:46  SCV  
  101  7:53  SCV x2  
  101  7:57  Terran Infantry Weapons Level 2, Terran Infantry Armor Level 2  
  101  7:58  SCV, Supply Depot  
  104  8:02  Refinery  
  104  8:03  Refinery  
  104  8:04  Supply Depot  
  104  8:07  Missile Turret, Marine x2  
  104  8:08  Missile Turret x2  
  104  8:09  Marine x2  
  104  8:10  Marine  
  109  8:19  Marine x4  
  109  8:25  Marine x2  
  109  8:26  Marine  
  109  8:27  Supply Depot  
  116  8:29  Supply Depot  
  116  8:30  Marine x2  
  116  8:32  SCV x3  
  121  8:37  Marine x3  
  121  8:38  Terran Vehicle And Ship Armor Level 1  
  121  8:40  Factory Reactor  
  122  8:48  SCV x2  
  122  8:49  SCV, Marine  
  122  8:50  Marine  
  122  8:54  Marine x2  
  122  8:57  Marine x3  
  122  8:59  Marine x2  
  122  9:00  SCV x2  
  122  9:01  Medivac x2  
  131  9:07  Marine x2  
  133  9:15  Command Center  
  123  9:19  Sensor Tower, Marine x2  
  123  9:20  Marine  
  123  9:22  Marine x2  
  123  9:23  Marine x2  
  126  9:30  Widow Mine  
  126  9:31  Widow Mine  
  124  9:32  Widow Mine  
  124  9:33  Drilling Claws  
  124  9:34  SCV x3  
  129  9:41  Marine x2  
  129  9:42  Marine x2  
  129  9:44  Marine x4  
  129  9:45  Marine  
  138  9:53  SCV x3  
  138  9:55  Widow Mine, Missile Turret x2  
  138  9:58  Missile Turret  
  138  9:59  Widow Mine x2  
  147  10:03  Marine  
  147  10:04  Marine  
  149  10:07  Supply Depot  
  149  10:11  Marine  
  149  10:12  Supply Depot  
  149  10:13  Supply Depot  
  149  10:15  Marine  
  149  10:18  Marine x2  
  149  10:19  Marine  
  149  10:27  Missile Turret x3  
  149  10:29  Widow Mine x2, Marine x4  
  149  10:30  Terran Infantry Weapons Level 3, Terran Infantry Armor Level 3, Marine  
  149  10:33  Marine  
  159  10:37  SCV x2, Marine  
  159  10:38  SCV  
  163  10:47  Widow Mine  
  165  10:52  Missile Turret, Marine x4  
  165  10:53  Marine x4, Missile Turret x3  
  173  10:58  Marine  
  173  11:00  Widow Mine x2  
  178  11:10  Marine x4  
  178  11:11  Marine x2  
  176  11:12  SCV x3  
  176  11:13  Planetary Fortress  
  176  11:16  Marine x3  
  184  11:19  Terran Vehicle And Ship Armor Level 2  
  184  11:27  Marine x2  
  184  11:28  Widow Mine x3, Marine  
  184  11:32  Medivac  
  195  11:35  Medivac  
  195  11:38  Marine x2  
  190  11:40  Marine x4  
  190  11:45  Marine  
  190  11:46  Marine  
  190  11:47  Marine  
  191  11:54  Widow Mine x3  
  191  11:56  Marine x2  
  191  11:57  Marine x2  
  191  11:58  Marine x2  
  197  12:03  Command Center  
  197  12:04  Ghost Academy, Marine x2  
  182  12:15  Barracks  
  180  12:16  Barracks  
  180  12:17  Barracks  
  180  12:20  Marine x2  
  180  12:28  Widow Mine x3  
  173  12:30  Medivac x2  
  173  12:34  Missile Turret  
  173  12:35  Missile Turret  
  176  12:39  SCV x3  
  176  12:41  Marine x3  
  176  12:42  Marine x2  
  176  12:43  Marine x2  
  181  12:47  Marine x2  
  147  12:59  Marine x5  
  147  13:01  Widow Mine x2  
  147  13:03  Widow Mine  
  158  13:07  Hi-Sec Auto Tracking  
  157  13:14  Missile Turret  
  157  13:15  Missile Turret  
  157  13:17  Missile Turret  
  157  13:18  Medivac  
  153  13:21  Marine x3  
  153  13:22  Widow Mine  
  141  13:27  SCV x3  
  141  13:33  Medivac  
  146  13:37  Widow Mine x2, Barracks Tech Lab  
  146  13:38  Barracks Tech Lab x2  
  150  13:43  Marauder, Marine x2  
  150  13:47  SCV x3  
  158  13:48  SCV  
  158  13:58  Medivac  
  158  13:59  SCV x2  
  159  14:03  Medivac  
  159  14:09  Widow Mine x3  
  165  14:19  Engineering Bay  
  165  14:20  Marine x2  
  165  14:21  SCV x3  
  165  14:26  Marauder, Marine x4  
  165  14:27  Marine x2  
  165  14:30  Marine  
  165  14:31  Marine  
  160  14:39  SCV  
  160  14:40  SCV x2  
  161  14:49  Ghost x4  
  161  14:51  Marine x4  
  161  14:52  Marine x2  
  169  14:55  Marine  
  172  15:04  SCV x2  
  171  15:07  Planetary Fortress  
  171  15:09  Missile Turret  
  167  15:20  Medivac x2  
  165  15:22  Orbital Command  
  165  15:28  Ghost x4  
  163  15:34  Widow Mine x2  
  160  15:39  Marine x3  
  160  15:40  Marine x3  
  107  15:45  Marine x2  
Tags
 
Add a new tag
Caveats
  • Supply blocks, unpowered buildings, or Contaminate may cause inaccurate times.
  • Supply counts are checked every 10 seconds.